 Dungeon Crawl Stone Soup version 0.29.1-15-g9cfb28693d (webtiles) character file.

Game seed: 15151268462310679322

9 growler the Ducker (level 2, 22/22 HPs)
             Began as a Demonspawn Gladiator on Mar 13, 2023.
             Quit the game on level 1 of the Dungeon.
             The game lasted 00:01:03 (385 turns).

growler the Ducker (Demonspawn Gladiator)            Turns: 385, Time: 00:01:04

Health: 22/22      AC:  6    Str: 14    XL:     2   Next: 3%
Magic:  2/2        EV: 12    Int:  9    God:
Gold:   28         SH:  0    Dex: 14    Spells: 1/1 levels left

rFire   . . .      SeeInvis .   a - +0 rapier
rCold   . . .      Faith    .   (no shield)
rNeg    . . .      Spirit   .   b - +0 leather armour
rPois   .          Reflect  .   c - +0 helmet
rElec   .          Harm     .   (no cloak)
rCorr   .          Rampage  .   (no gloves)
Will    .....                   (no boots)
Stlth   +.........              (no amulet)
HPRegen 0.07/turn               (no ring)
MPRegen 0.08/turn               (no ring)

@: no status effects
A: icy blue scales 1
a: no special abilities


You were on level 1 of the Dungeon.
You visited 1 branch of the dungeon, and saw 1 of its levels.

You collected 28 gold pieces.

Inventory:

Hand Weapons
 a - a +0 rapier (weapon)
Missiles
 d - 3 throwing nets (quivered)
 e - a javelin
Armour
 b - a +0 leather armour (worn)
 c - a +0 helmet (worn)
Scrolls
 f - a scroll of vulnerability {unknown}
 g - a scroll of poison {unknown}
 h - a scroll of enchant weapon {unknown}


   Skills:
 + Level 2.1 Fighting
 + Level 2.8 Short Blades
 + Level 2.0 Throwing
 + Level 2.8 Dodging


You had one spell level left.
You didn't know any spells.
Your spell library contained the following spells:

 Spells                   Type           Power      Damage    Failure   Level
 Summon Small Mammal      Summ           0%         N/A       45%         1
 Call Canine Familiar     Summ           0%         N/A       83%         3
 Summon Guardian Golem    Hex/Summ       0%         N/A       83%         3


Dungeon Overview and Level Annotations

Branches:
Dungeon (1/15)

Altars:


Innate Abilities, Weirdness & Mutations

You are partially covered in icy blue scales. (AC +2)


Message History

The quokka is almost dead.
The quokka bites you but does no damage.
You hit the quokka but do no damage.
The quokka is almost dead.
The quokka barely misses you.
You closely miss the quokka.
The quokka is almost dead.
The quokka barely misses you.
You hit the quokka.
You kill the quokka!
Your Throwing skill increases to level 2!
No target in view!
No target in view!
Found a stone staircase leading down.
No target in view!
No target in view!
No target in view!
You now have 14 gold pieces.
A quokka comes into view.
You closely miss the quokka. The quokka misses you.
The quokka closely misses you.
You hit the quokka but do no damage.
The quokka bites you but does no damage.
You barely miss the quokka. The quokka misses you.
You hit the quokka but do no damage. Your punch misses the quokka.
The quokka bites you but does no damage.
You barely miss the quokka. The quokka barely misses you.
The quokka closely misses you.
You hit the quokka.
The quokka is moderately wounded.
The quokka closely misses you.
You hit the quokka.
You kill the quokka!
You have reached level 2!
Your demonic ancestry asserts itself...
Icy blue scales grow over part of your body.
You now have 28 gold pieces (gained 14).
You pick up a book of Callings and begin reading...
You add the spells Summon Small Mammal, Call Canine Familiar and Summon Guardian Golem to your library.
Are you sure you want to abandon this character and quit the game? (Confirm with "yes".)

###############
#....@........#
#.###########.########
#...†......
#..######## .....#
#..# #.....# #..#
#.....# #..# ##
#.....# ####..# ..#
#####+#.....# #.....#


There were no monsters in sight!

Vanquished Creatures
  An endoplasm (D:1)
  2 quokkas (D:1)
  5 ball pythons (D:1)
  A frilled lizard (D:1)
9 creatures vanquished.

Notes
Turn   | Place    | Note
-------+----------+-------------------------------------------
     0 | D:1      | growler the Demonspawn Gladiator began the quest for the
                  | Orb.
     0 | D:1      | Reached XP level 1. HP: 16/16 MP: 1/1
    82 | D:1      | Found a faded altar of an unknown god.
   374 | D:1      | Gained mutation: You are partially covered in icy blue
                  | scales. (AC +2) [demonic ancestry]
   374 | D:1      | Reached XP level 2. HP: 22/22 MP: 2/2
   385 | D:1      | Quit the game

Illustrated notes

Levels and vault maps discovered:
D:1:      zelgadis_glass_arrival_small, layout_basic,
          nicolae_ecumenical_snake_handling

Skill      XL: |  1 |
---------------+----+-----
Throwing       | 2 |  2.0
Fighting       | |  2.1
Short Blades   | |  2.8
Dodging        | |  2.8

Action                   || total
-------------------------++-------
Melee: Rapier            ||    28
Armor: Leather armour    ||     8
Dodge: Dodged            ||    15
